 Dungeon Crawl Stone Soup version 0.31-a0-222-gefeffbb62a (webtiles) character file.

Game seed: 2982205397260191392

63 qw the Shooter (level 4, 0/26 HPs)
             Began as a Gargoyle Hexslinger on July 5, 2023.
             Slain by a cerulean imp
             ... wielding a +0 spear
             ... summoned by Natasha
              (2 damage)
             ... on level 2 of the Dungeon.
             The game lasted 00:00:28 (1260 turns).

qw the Shooter (Gargoyle Hexslinger)                Turns: 1260, Time: 00:00:29

Health: 0/26       AC:  8    Str: 11    XL:     4   Next: 10%
Magic:  5/5        EV: 10    Int: 14    God:
Gold:   73         SH:  0    Dex: 14    Spells: 4/5 levels left

rFire   . . .        Y - +1 sling
rCold   . . .        (no shield)
rNeg    + . .        g - +0 ring mail
rPois   inf          (no helmet)
rElec   +            (no cloak)
rCorr   .            (no gloves)
SInv    .            (no boots)
Will    .....        (no amulet)
Stlth   +            (no ring)
HPRegen 0.24/turn    (no ring)
MPRegen 0.09/turn

%: no passive effects
@: about to teleport
A: sickness immunity, AC +3, negative energy resistance 1, electricity
resistance, torment resistance 1, petrification resistance
a: no special abilities


You were on level 2 of the Dungeon.
You visited 1 branch of the dungeon, and saw 2 of its levels.

You collected 73 gold pieces.


Innate Abilities, Weirdness & Mutations

You are immune to sickness and miasma.
Your stone body is resilient. (AC +3)
You are immune to poison.
You resist negative energy. (rN+)
You are resistant to electric shocks. (rElec)
You are resistant to unholy torment.
You are immune to petrification.


   Skills:
 - Level 2.0 Fighting
 + Level 3.9 Ranged Weapons
 - Level 1.5 Dodging
 - Level 1.0 Spellcasting
 - Level 2.6 Hexes


You had 4 spell levels left.
You knew the following spells:

 Your Spells              Type           Power      Damage    Failure   Level
a - Slow                  Hex            32%        N/A       22%         1

Your spell library contained the following spells:

 Spells                   Type           Power      Damage    Failure   Level
 Inner Flame              Hex/Fire       4%         N/A       73%         3
 Portal Projectile        Hex/Tloc       8%         N/A       73%         3
 Cause Fear               Hex            4%         N/A       91%         4

Inventory:

Hand Weapons
 Y - a +1 sling (weapon)
Armour
 d - a +0 helmet
 g - a +0 ring mail (worn)
Scrolls
 b - a scroll of blinking {unknown}
 c - a scroll of fog {unknown}
 h - a scroll of revelation {unknown}
Potions
 e - a potion of attraction {unknown}
 f - 2 potions of berserk rage {unknown}

Dungeon Overview and Level Annotations

Branches:
Dungeon (2/15)

Altars:

Annotations:
D:2 Natasha


Message History

The adder bites you but does no damage.
You shoot a sling bullet.
The sling bullet barely misses the adder.
The adder bites you. The adder barely misses you.
You shoot a sling bullet. The sling bullet hits the adder.
The adder is almost dead.
The adder barely misses you. The adder closely misses you.
You shoot a sling bullet. The sling bullet hits the adder.
You kill the adder!
Natasha casts a spell.
The cerulean imp hits you from afar with a +0 spear.
You have reached level 4!
You feel clever.
You shoot a sling bullet. The sling bullet misses Natasha.
The cerulean imp hits you but does no damage.
Natasha casts a spell at you.
The magic dart hits you but does no damage.
You shoot a sling bullet.
The sling bullet closely misses Natasha.
The sling bullet hits the cerulean imp.
The cerulean imp is lightly wounded.
The cerulean imp hits you from afar with a +2 spear.
The cerulean imp hits you from afar with a +0 spear.
Natasha barely misses you.
You shoot a sling bullet. The sling bullet hits Natasha.
Natasha is moderately wounded.
The cerulean imp closely misses you. x2; Natasha claws you.
The cerulean imp barely misses you.
The cerulean imp hits you but does no damage.
Natasha claws you but does no damage.
You shoot a sling bullet. The sling bullet barely misses Natasha.
The sling bullet misses the cerulean imp.
The cerulean imp hits you from afar with a +2 spear!
The cerulean imp hits you from afar with a +0 spear.
Natasha zaps a wand.
The puff of flame hits you.
1260 ||| READING scroll of teleportation.
As you read the scroll of teleportation, it crumbles to dust.
You feel strangely unstable.
The cerulean imp hits you but does no damage.
The cerulean imp hits you from afar with a +0 spear.
You die...

#.. #.. #.. #..
##.. #### ##...
####..... .....
## ##@h5..>.. #..
...#####
#..#5..... ###
##.....# ###.##
..... ~###...#
##...# ....
~~~###.#####..###
... ##
#~~~~#.......##
.. #.
##~....####### .
#. .......# .. #.
.......##### . #.


You could see Natasha and 2 cerulean imps.

Vanquished Creatures
  An adder (D:2)
  A gnoll (D:1)
  5 bats
  2 endoplasms (D:1)
  2 giant cockroaches (D:1)
  4 goblins (D:1)
  2 hobgoblins
  7 kobolds
  3 quokkas (D:2)
  9 ball pythons
  2 frilled lizards
  6 rats
44 creatures vanquished.

Notes
Turn   | Place    | Note
-------+----------+-------------------------------------------
     0 | D:1      | qw the Gargoyle Hexslinger began the quest for the Orb.
     0 | D:1      | Reached XP level 1. HP: 12/12 MP: 2/2
     0 | D:1      | 0 ||| qw: Version: 0.3-a-46-gb1f654a
     0 | D:1      | 0 ||| qw: Game counter: 1059
     0 | D:1      | 0 ||| qw: Melee chars always use a shield: true
     0 | D:1      | 0 ||| qw: God list: Okawaru
     0 | D:1      | 0 ||| qw: Allow faded altars: false
     0 | D:1      | 0 ||| qw: Do Orc after clearing Dungeon:15 true
     0 | D:1      | 0 ||| qw: Do second Lair branch before Depths: true
     0 | D:1      | 0 ||| qw: Lair rune preference: random
     0 | D:1      | 0 ||| qw: Goals: Normal
     0 | D:1      | 0 ||| PLANNING D:1-11
   246 | D:1      | Reached XP level 2. HP: 16/16 MP: 3/3
   320 | D:1      | Reached skill level 3 in Ranged Weapons
   389 | D:1      | Reached XP level 3. HP: 13/21 MP: 4/4
  1010 | D:1      | 1010 ||| UPGRADING to +0 leather armour.
  1020 | D:1      | 1020 ||| DROPPING +0 robe.
  1021 | D:1      | 1021 ||| UPGRADING to +0 ring mail.
  1031 | D:1      | 1031 ||| DROPPING +0 leather armour.
  1032 | D:1      | 1032 ||| READING 2 scrolls labelled PIOKHINOWY.
  1033 | D:1      | 1033 ||| READING scroll labelled PILEDGH XORECS.
  1038 | D:1      | 1038 ||| READING scroll labelled QOBRAXT TITOER.
  1039 | D:1      | 1039 ||| DROPPING scroll of fear.
  1040 | D:1      | 1040 ||| DROPPING scroll of poison.
  1247 | D:2      | Noticed Natasha
  1256 | D:2      | Reached XP level 4. HP: 23/26 MP: 5/5
  1259 | D:2      | HP: 6/26 [cerulean imp/+2 spear[Natasha] (7)]
  1259 | D:2      | HP: 1/26 [Natasha/puff of flame (4)]
  1260 | D:2      | 1260 ||| READING scroll of teleportation.
  1260 | D:2      | Slain by a cerulean imp

Levels and vault maps discovered:
D:1:      saegor_arrival_under_anarchy, layout_basic
D:2:      layout_rooms, chequers_serial_rivers_large_b, uniq_natasha

Skill      XL: |  1  2 |
---------------+-------+-----
Ranged Weapons | 3 |  3.9
Fighting       | 2 |  2.0
Dodging        | |  1.5
Spellcasting   | |  1.0
Hexes          | |  2.6

Action                     |  1- 3 |  4- 6 || total
---------------------------+-------+-------++-------
   Fire: Sling             |   114 |     4 ||   118
    Use: Scroll            |     3 |     1 ||     4
 Armour: Robe              |    15 |       ||    15
         Ring mail         |     7 |     5 ||    12
  Dodge: Dodged            |    47 |     4 ||    51

Table legend:
 A = Non-vault XP
 B = Vault XP
 C = Vault XP percentage of total XP
 D = Non-vault monster count
 E = Vault monster count
 F = Vault count percentage of total count
                 A         B        C        D         E       F
            +---------+---------+-------+---------+---------+-------
      Total |      91 |       0 |   0.0 |      44 |       0 |   0.0
            +---------+---------+-------+---------+---------+-------
        D:1 |      57 |       0 |   0.0 |      28 |       0 |   0.0
        D:2 |      34 |       0 |   0.0 |      16 |       0 |   0.0
            +---------+---------+-------+---------+---------+-------
